Map: Cyber Forest LE

Players

SandboX - Winner!

  • Race: Zerg Zerg
  • League: Gold
  • Spawn Location: 5:00

Pherru

  • Race: Terran Terran
  • League: Platinum
  • Spawn Location: 11:00

VOD

Have the link to the VOD?

Description

Time

  • Played on: Aug. 11, 2019, 4:29 p.m.
  • Length: 3:52
Show
View Real Time Build Order
Export as new Build Order

SandboX Zerg - Winner!

Build Orders: Hatch First 

Get SALT Encoding   

  12  0:01  Drone  
  13  0:12  Overlord  
  13  0:19  Drone  
  14  0:30  Drone x2  
  14  0:34  Drone  
  17  0:53  Hatchery  
  16  0:57  Drone  
  16  1:00  Drone  
  16  1:03  Extractor  
  17  1:19  Spawning Pool  
  17  1:21  Drone  
  17  1:25  Drone  
  18  1:29  Drone  
  19  1:40  Overlord  
  19  2:07  Zergling x4, Queen  
  19  2:08  Queen  
  25  2:15  Metabolic Boost  
  25  2:19  Drone  
  26  2:23  Drone  
  26  2:27  Drone  
  28  2:35  Zergling x4  
  30  2:38  Zergling x2  
  30  2:41  Zergling x2  
  31  2:44  Zergling x2  
  31  2:51  Zergling x2  
  31  2:54  Zergling x2  
  30  3:05  Queen  
  31  3:14  Zergling x6  
  34  3:30  Overlord  
  34  3:40  Drone  
Show
View Real Time Build Order
Export as new Build Order

Pherru Terran 

Build Orders:  

Get SALT Encoding   

  12  0:00  SCV  
  13  0:15  Supply Depot  
  13  0:16  SCV  
  14  0:29  SCV  
  15  0:42  SCV  
  16  0:54  SCV  
  17  1:06  SCV, Barracks  
  17  1:10  Barracks  
  18  1:21  SCV  
  18  1:25  Refinery  
  19  1:32  Supply Depot  
  19  1:33  SCV  
  20  1:45  SCV  
  21  1:53  Marine  
  22  1:57  SCV  
  23  2:06  Marine  
  24  2:11  Marine  
  24  2:12  Orbital Command  
  25  2:23  Bunker, Marine  
  25  2:25  Bunker  
  24  2:43  Marine  
  24  2:44  Marine  
  26  3:07  Factory  
  26  3:10  Command Center  
  20  3:20  SCV, Barracks  
  21  3:32  SCV  
  21  3:34  Refinery  
  22  3:38  Bunker  
  22  3:42  Bunker  
Tags
 
Add a new tag
Caveats
  • Supply blocks, unpowered buildings, or Contaminate may cause inaccurate times.
  • Supply counts are checked every 10 seconds.